 Dungeon Crawl Stone Soup version 0.22-a0-32-ga749362bc3 (webtiles) character file.

76 Kaname the Conjurer (level 4, 0/30 HPs)
             Began as a Demonspawn Wizard on Jan 2, 2018.
             Slain by Crazy Yiuf
             ... wielding a +4 quarterstaff of chaos
              (1 damage)
             ... on level 2 of the Dungeon on Jan 3, 2018.
             The game lasted 00:05:29 (2210 turns).

Kaname the Conjurer (Demonspawn Wizard)             Turns: 2210, Time: 00:05:31

Health: 0/30       AC:  2    Str:  7    XL:     4   Next: 12%
Magic:  0/8        EV: 12    Int: 22    God:
Gold:   167        SH:  0    Dex: 12    Spells: 0/9 levels left

rFire    . . .     SeeInvis .   o - +0 morningstar
rCold    . . .     Gourm    .   (no shield)
rNeg     . . .     Faith    .   a - +0 robe
rPois    .         Spirit   .   b - +0 hat
rElec    .         Reflect  .   (no cloak)
rCorr    .         Harm     .   (no gloves)
MR       .....                  (no boots)
Stlth    ++++......             (no amulet)
HPRegen  0.10/turn              p - +2 ring of intelligence
MPRegen  0.11/turn              (no ring)

@: very slightly contaminated
A: antennae 1, nightstalker 2
a: no special abilities


You were on level 2 of the Dungeon.
You were very hungry.

You visited 1 branch of the dungeon, and saw 2 of its levels.

You collected 167 gold pieces.

Inventory:

Hand Weapons
 o - a +0 morningstar (weapon)
Armour
 a - a +0 robe (worn)
 b - a +0 hat (worn)
Jewellery
 p - a +2 ring of intelligence (left hand)
Scrolls
 c - a scroll of amnesia {unknown}
 j - a scroll of identify {unknown}
 k - a scroll of remove curse {unknown}
 m - a scroll of immolation {unknown}
 q - a scroll of teleportation {unknown}
Potions
 f - a potion of degeneration {unknown}
 g - 2 potions of curing {unknown}
 h - a potion of resistance {unknown}
 i - a potion of heal wounds
 l - a potion of haste {unknown}
 n - 2 potions of lignification {unknown}
Comestibles
 d - 3 rations


   Skills:
 - Level 1.7 Dodging
 - Level 1.7 Stealth
 - Level 3.0 Spellcasting
 + Level 4.0 Conjurations
   Level 1.0 Summonings
 - Level 1.0 Translocations


You couldn't memorise any spells.
You knew the following spells:

 Your Spells              Type           Power        Failure   Level  Hunger
a - Magic Dart            Conj           ###.         2%          1    None
b - Blink                 Tloc           N/A          12%         2    ##.....
c - Mephitic Cloud        Conj/Pois/Air  #.......     22%         3    ###....
d - Conjure Flame         Conj/Fire      ##......     16%         3    ###....


Dungeon Overview and Level Annotations

Branches:
Dungeon (2/15)

Altars:

Annotations:
D:2 Crazy Yiuf


Innate Abilities, Weirdness & Mutations

You have a pair of small antennae on your head.
You are significantly more attuned to the shadows.


Message History

Crazy Yiuf seems less confused.
Crazy Yiuf hits you with a quarterstaff of chaos!
Crazy Yiuf freezes you.
Your magical contamination has completely faded away.
Crazy Yiuf cries, "You leg down broken song, no?"
Casting: Magic Dart
Confirm with . or Enter, or press ? or * to list all spells.
Aiming: Mephitic Cloud
Press: ? - help, Shift-Dir - straight line, f/p - Crazy Yiuf
Aim: Crazy Yiuf, wielding a quarterstaff of chaos and wearing a cloak (heavily wounded) That beam is likely to hit you.
Continue anyway? [Y]es or [N]o only, please.
That beam is likely to hit you.
Continue anyway?
You miscast Mephitic Cloud.
You are very lightly contaminated with residual magic.
You feel weak for a moment.
Crazy Yiuf hits you with a quarterstaff of chaos!
* * * LOW HITPOINT WARNING * * *
Crazy Yiuf freezes you.
You die...

##### #####...##
#........##
###############g####....#
#.............@.# #....#
#.############### #....#
##### # #.# ##...# #....
###.### ##.## #####
......############ ##.#
###....[.........## #.##
# #.#.##########..# ##.#
#.#.####### #..# #.##
#.........####..# ##'##


You could see Crazy Yiuf.

Vanquished Creatures
  2 adders (D:2)
  2 dart slugs
  2 leopard geckos
  3 giant cockroaches (D:2)
  7 goblins
  4 hobgoblins
  6 jackals (D:1)
  A ball python (D:2)
  6 bats
  6 frilled lizards
  5 kobolds
  6 rats
50 creatures vanquished.

Notes
Turn   | Place    | Note
-------+----------+-------------------------------------------
     0 | D:1      | Kaname the Demonspawn Wizard began the quest for the Orb.
     0 | D:1      | Reached XP level 1. HP: 13/13 MP: 4/4
     0 | D:1      | Upgraded the game from 0.22-a0-15-g4f60a598d5 to 0.22-a0-32-ga749362bc3
   214 | D:1      | Reached skill level 2 in Conjurations
   271 | D:1      | Gained mutation: You are slightly more attuned to the shadows. [demonic ancestry]
   271 | D:1      | Reached XP level 2. HP: 19/19 MP: 4/6
   821 | D:1      | Reached skill level 3 in Conjurations
   825 | D:1      | Learned a level 2 spell: Blink
  1212 | D:2      | Gained mutation: You have a pair of small antennae on your head. [demonic ancestry]
  1212 | D:2      | Reached XP level 3. HP: 24/24 MP: 1/7
  1217 | D:2      | Reached skill level 1 in Translocations
  1222 | D:2      | Learned a level 3 spell: Mephitic Cloud
  1415 | D:2      | Found a runed door.
  1743 | D:2      | Gained mutation: You are significantly more attuned to the shadows. [demonic ancestry]
  1743 | D:2      | Reached XP level 4. HP: 25/30 MP: 6/8
  1750 | D:2      | Learned a level 3 spell: Conjure Flame
  1888 | D:2      | Reached skill level 4 in Conjurations
  2175 | D:2      | Noticed Crazy Yiuf
  2210 | D:2      | HP: 1/30 [Crazy Yiuf/quarterstaff of chaos (12)]
  2210 | D:2      | Slain by Crazy Yiuf

Vault maps used:
D:1:      lightli_arrival_boilingwater
D:2:      minmay_tetromino_l4, uniq_crazy_yiuf_cottage

Skill      XL: |  1  2  3  4 |
---------------+-------------+-----
Conjurations   | 2 3 4 |  4.0
Translocations | 1 |  1.0
Dodging        | |  1.7
Stealth        | |  1.7
Spellcasting   | |  3.0
Summonings     | |  1.0

Action                   |  1- 3 |  4- 6 || total
-------------------------+-------+-------++-------
Melee: Mace              |    52 |     4 ||    56
       Morningstar       |       |     8 ||     8
 Cast: Magic Dart        |    67 |    18 ||    85
       Mephitic Cloud    |       |     1 ||     1
 Stab: Sleeping          |     2 |       ||     2
       Confused          |       |     1 ||     1
  Eat: Chunk             |     3 |       ||     3
Armor: Robe              |    11 |     1 ||    12
Dodge: Dodged            |    57 |     3 ||    60

Table legend:
 A = Spawn XP
 B = Non-spawn XP
 C = Spawn XP percentage of total XP
 D = Spawn monster count
 E = Non-spawn monster count
 F = Spawn count percentage of total count
 G = Total turns spent on level
                    A         B        C        D         E        F      G
               +---------+---------+-------+---------+---------+-------+---------
         Total |       0 |     109 |   0.0 |       0 |      50 |   0.0 |  2210
               +---------+---------+-------+---------+---------+-------+---------
           D:1 |       0 |      39 |   0.0 |       0 |      23 |   0.0 |  1201
           D:2 |       0 |      70 |   0.0 |       0 |      27 |   0.0 |  1009
               +---------+---------+-------+---------+---------+-------+---------
